PCL
GRESHAM GOLD SOULS @ DISTRICT 9 PRAWNS
09/18/2027
 
TOP OF THE 1ST
Gresham Gold Souls batting - Pitching for District 9 Prawns : RHP Ignacio Morales
Pitching: RHP Ignacio Morales
Batting: SHB Todd Smith 0-0: Ball
1-0: Ball
2-0: Called Strike
2-1: Ball
3-1: Foul Ball, location: 2F
3-2: Strikes out swinging
Batting: RHB Brian Dixon 0-0: Called Strike
0-1: Fly out, F9 (Line Drive, 89M)
Batting: RHB Jim Edgar 0-0: Called Strike
0-1: Ball
1-1: Swinging Strike
1-2: Ball
2-2: Fly out, F8 (Flyball, 8LM)
Top of the 1st over - 0 run(s), 0 hit(s), 0 error(s), 0 left on base; Gresham 0 - District 9 0
BOTTOM OF THE 1ST
District 9 Prawns batting - Pitching for Gresham Gold Souls : RHP Jamal Clayton
Pitching: RHP Jamal Clayton
Batting: RHB Boyd Pittman 0-0: Ball
1-0: Ground out 3-1 (Groundball, 34S)
Batting: RHB José Colón 0-0: SINGLE (Groundball, 6D)
Batting: LHB Terry Simpson 0-0: Called Strike
0-1: Ball
1-1: Foul Ball, location: 2F
1-2: SINGLE (Groundball, 3D)
José Colón to second
Runner from 2nd tries for 3rd, SAFE, throw made to third
Batting: RHB Reynold Akker 0-0: Ball
1-0: Ball
2-0: Ball
3-0: Called Strike
3-1: Fly out, F9 (Flyball, 9S)
Batting: LHB Mike Davis 0-0: Ball
1-0: Called Strike
1-1: Swinging Strike
1-2: Ball
2-2: Strikes out swinging
Bottom of the 1st over - 0 run(s), 2 hit(s), 0 error(s), 2 left on base; Gresham 0 - District 9 0
TOP OF THE 2ND
Gresham Gold Souls batting - Pitching for District 9 Prawns : RHP Ignacio Morales
Batting: RHB Mario Méndez 0-0: Ground out 6-3 (Groundball, 6)
Batting: LHB Bill Smith 0-0: Called Strike
0-1: SINGLE (Line Drive, 9LM)
Batting: RHB Luke McIndoe 0-0: Called Strike
0-1: Ball
Pickoff Throw to First - Error! E1
Bill Smith to second
1-1: Foul Ball, location: 2F
1-2: Fly out, F8 (Flyball, 8RM)
Batting: RHB Matt Davidson 0-0: Called Strike
0-1: Foul Ball, location: 2F
0-2: Ball
1-2: Ball
2-2: Ground out 4-3 (Groundball, 4)
Top of the 2nd over - 0 run(s), 1 hit(s), 1 error(s), 1 left on base; Gresham 0 - District 9 0
BOTTOM OF THE 2ND
District 9 Prawns batting - Pitching for Gresham Gold Souls : RHP Jamal Clayton
Batting: RHB Felipe Jareño 0-0: Foul Ball, location: 2F
0-1: Fly out, F8 (Flyball, 8RM)
Batting: LHB Leonard Harvey 0-0: Ball
1-0: Foul Ball, location: 2F
1-1: Called Strike
1-2: Ball
2-2: Fly out, F9 (Flyball, 9S)
Batting: LHB Culley Vaughan 0-0: Called Strike
0-1: Swinging Strike
0-2: Ball
1-2: Strikes out looking
Bottom of the 2nd over - 0 run(s), 0 hit(s), 0 error(s), 0 left on base; Gresham 0 - District 9 0
TOP OF THE 3RD
Gresham Gold Souls batting - Pitching for District 9 Prawns : RHP Ignacio Morales
Batting: RHB Willie Houk 0-0: Called Strike
0-1: Ball
1-1: Fly out, F7 (Line Drive, 7)
Batting: RHB Anthony Wells 0-0: Called Strike
0-1: Fly out, F8 (Flyball, 8RD)
Batting: SHB Todd Smith 0-0: DOUBLE (Line Drive, 9D)
Batting: RHB Brian Dixon 0-0: Called Strike
0-1: Called Strike
0-2: Ground out 4-3 (Groundball, 4)
Top of the 3rd over - 0 run(s), 1 hit(s), 0 error(s), 1 left on base; Gresham 0 - District 9 0
BOTTOM OF THE 3RD
District 9 Prawns batting - Pitching for Gresham Gold Souls : RHP Jamal Clayton
Batting: RHB Phil Jacobs 0-0: Ball
1-0: Called Strike
1-1: Ball
2-1: Foul Ball, location: 2F
2-2: Strikes out swinging
Batting: RHB Boyd Pittman 0-0: Ball
1-0: Ball
2-0: Ground out 5-3 (Groundball, 56)
Batting: RHB José Colón 0-0: Foul Ball, location: 2F
0-1: Foul Ball, location: 2F
0-2: Foul Ball, location: 2F
0-2: SINGLE (Groundball, 6MD)
Batting: LHB Terry Simpson 0-0: Called Strike
0-1: Swinging Strike
0-2: Ball
1-2: Ball
2-2: Strikes out looking
Bottom of the 3rd over - 0 run(s), 1 hit(s), 0 error(s), 1 left on base; Gresham 0 - District 9 0
TOP OF THE 4TH
Gresham Gold Souls batting - Pitching for District 9 Prawns : RHP Ignacio Morales
Batting: RHB Jim Edgar 0-0: Called Strike
0-1: Called Strike
0-2: Foul Ball, location: 2F
0-2: Ground out 5-3 (Groundball, 56)
Batting: RHB Mario Méndez 0-0: Ball
1-0: Fly out, F4 (Popup, 4)
Batting: LHB Bill Smith 0-0: Ground out 3-1 (Groundball, 34)
Top of the 4th over - 0 run(s), 0 hit(s), 0 error(s), 0 left on base; Gresham 0 - District 9 0
BOTTOM OF THE 4TH
District 9 Prawns batting - Pitching for Gresham Gold Souls : RHP Jamal Clayton
Batting: RHB Reynold Akker 0-0: Ball
1-0: Called Strike
1-1: Ball
2-1: Ground out 6-3 (Groundball, 6)
Batting: LHB Mike Davis 0-0: Ball
1-0: Fly out, F8 (Flyball, 8RS)
Batting: RHB Felipe Jareño 0-0: Swinging Strike
0-1: Fly out, F8 (Flyball, 8RXD)
Bottom of the 4th over - 0 run(s), 0 hit(s), 0 error(s), 0 left on base; Gresham 0 - District 9 0
TOP OF THE 5TH
Gresham Gold Souls batting - Pitching for District 9 Prawns : RHP Ignacio Morales
Batting: RHB Luke McIndoe 0-0: SINGLE (Line Drive, 7S)
Batting: RHB Matt Davidson 0-0: Ball
1-0: Called Strike
1-1: Ground out 4-3 (Groundball, 4MS)
Luke McIndoe to second
Batting: RHB Willie Houk 0-0: Foul Ball, location: 2F
0-1: Fly out, F8 (Flyball, 8RD)
Batting: RHB Anthony Wells 0-0: Ball
1-0: Called Strike
1-1: Foul Ball, location: 2F
1-2: Strikes out looking
Top of the 5th over - 0 run(s), 1 hit(s), 0 error(s), 1 left on base; Gresham 0 - District 9 0
BOTTOM OF THE 5TH
District 9 Prawns batting - Pitching for Gresham Gold Souls : RHP Jamal Clayton
Batting: LHB Leonard Harvey 0-0: Ball
1-0: Swinging Strike
1-1: Foul Ball, location: 2F
1-2: Strikes out swinging
Batting: LHB Culley Vaughan 0-0: Called Strike
0-1: Foul Ball, location: 2F
0-2: Strikes out looking
Batting: RHB Phil Jacobs 0-0: Ground out U3 (Groundball, 34S)
Bottom of the 5th over - 0 run(s), 0 hit(s), 0 error(s), 0 left on base; Gresham 0 - District 9 0
TOP OF THE 6TH
Gresham Gold Souls batting - Pitching for District 9 Prawns : RHP Ignacio Morales
Batting: SHB Todd Smith 0-0: Ball
1-0: Ball
2-0: Ball
3-0: Called Strike
3-1: Called Strike
3-2: Ground out 6-3 (Groundball, 6M)
Batting: RHB Brian Dixon 0-0: Fly out, F8 (Flyball, 8RD)
Batting: RHB Jim Edgar 0-0: Foul Ball, location: 2F
0-1: Called Strike
0-2: Ball
1-2: Ball
2-2: Ground out 6-3 (Groundball, 6D)
Top of the 6th over - 0 run(s), 0 hit(s), 0 error(s), 0 left on base; Gresham 0 - District 9 0
BOTTOM OF THE 6TH
District 9 Prawns batting - Pitching for Gresham Gold Souls : RHP Jamal Clayton
Batting: RHB Boyd Pittman 0-0: Fly out, F7 (Flyball, 7)
Batting: RHB José Colón 0-0: Ball
1-0: Ball
2-0: Called Strike
2-1: Foul Ball, location: 2F
2-2: Ball
3-2: Foul Ball, location: 2F
3-2: SINGLE (Line Drive, 78S)
Pitching: RHP Paul Miller
Batting: LHB Terry Simpson 0-0: Foul Ball, location: 2F
0-1: Foul Ball, location: 2F
0-2: Strikes out swinging
Batting: RHB Reynold Akker 0-0: Ball
1-0: Called Strike
1-1: Swinging Strike
1-2: Ball
2-2: 2-RUN HOME RUN (Flyball, 7LD), Distance : 371 ft
Batting: LHB Mike Davis 0-0: Ball
1-0: Foul Ball, location: 2F
1-1: Ball
2-1: Ball
3-1: Base on Balls
Batting: RHB Felipe Jareño 0-0: Called Strike
0-1: Foul Ball, location: 2F
0-2: Ball
1-2: Strikes out swinging
Bottom of the 6th over - 2 run(s), 2 hit(s), 0 error(s), 1 left on base; Gresham 0 - District 9 2
TOP OF THE 7TH
Gresham Gold Souls batting - Pitching for District 9 Prawns : RHP Ignacio Morales
Batting: RHB Mario Méndez 0-0: Ball
1-0: Called Strike
1-1: Foul Ball, location: 2F
1-2: Ball
2-2: Strikes out swinging
Batting: LHB Bill Smith 0-0: Ball
1-0: Ball
2-0: Called Strike
2-1: Ball
3-1: Fly out, F8 (Flyball, 8LM)
Batting: RHB Luke McIndoe 0-0: Ball
1-0: Ball
2-0: Called Strike
2-1: Ball
3-1: Fly out, F9 (Flyball, 9S)
Top of the 7th over - 0 run(s), 0 hit(s), 0 error(s), 0 left on base; Gresham 0 - District 9 2
BOTTOM OF THE 7TH
District 9 Prawns batting - Pitching for Gresham Gold Souls : RHP Paul Miller
Batting: LHB Leonard Harvey 0-0: Swinging Strike
0-1: Called Strike
0-2: Ball
1-2: Foul Ball, location: 2F
1-2: Foul Ball, location: 2F
1-2: Strikes out swinging
Batting: LHB Culley Vaughan 0-0: Ball
Thursday, March 30th, 2017 - OOTP Baseball 17.12 Build 75